 Dungeon Crawl Stone Soup version 0.19-a0-1049-g462a813 (webtiles) character file.

30870325 4thArraOfDagon the Grand Scion (level 27, 167/167 HPs)
             Began as a Halfling Necromancer on July 31, 2016.
             Was a High Priest of Hepliaklqana.
             Escaped with the Orb
             ... and 15 runes!
             The game lasted 06:59:01 (47713 turns).

4thArraOfDagon the Grand Scion (HaNe)              Turns: 47713, Time: 06:59:02

Health: 167/167    AC: 25    Str:  9    XL:     27
Magic:  52/53      EV: 26    Int: 30    God:    Hepliaklqana [*****.]
Gold:   1457       SH: 13    Dex: 23    Spells: 11 memorised, 17 levels left

rFire  + . .     SeeInvis +     R - +12 rapier of the Ghost {flame, rPois Int+2}
rCold  . . .     Gourm    .     p - +4 troll leather armour
rNeg   . . .     Faith    .     K - +3 warlock's mirror {reflect}
rPois  +         Spirit   .     g - +3 hat of Pondering {ponderous, MR+ MP+10 Int+5}
rElec  +         Dismiss  .     I - +2 cloak {+Inv}
rCorr  .         Reflect  +     F - +2 pair of gloves "Teixoig" {rPois rF+ Stlth+}
SustAt .         Harm     .     D - +2 pair of boots
MR     +++..     Clarity  +     C - amulet of magic regeneration
Stlth  ++++++....               A - ring of Shadows {Umbra +Inv Stlth+}
                                j - ring of Uskayaw's Pride {rElec Str+3 SInv Stlth+}

@: very slightly contaminated, wreathed by umbra, deflect missiles, slow,
extremely resistant to hostile enchantments, very stealthy
A: horns 1, thin skeletal structure 1, agile 1, clarity, frail 1, mutation
resistance 1, regeneration 1, weak 1, wild magic 1, sturdy frame 1
a: Recall Ancestor, Ancestor Identity, Transference, Idealise, Renounce
Religion, Evoke Invisibility
0: Orb of Zot
}: 15/15 runes: decaying, serpentine, slimy, silver, golden, iron, obsidian,
icy, bone, abyssal, demonic, glowing, magical, fiery, dark


You escaped.
You worshipped Hepliaklqana.
Hepliaklqana was extremely pleased with you.
You were not hungry.

You visited 17 branches of the dungeon, and saw 88 of its levels.
You visited Pandemonium 9 times, and saw 28 of its levels.
You visited the Abyss 6 times.
You visited 2 bazaars.
You visited 1 ziggurat, and saw 15 of its levels.
You also visited: Labyrinth and Wizlab.

You collected 5137 gold pieces.
You spent 3680 gold pieces at shops.

Inventory:

Hand Weapons
 b - a +5 eudemon blade of holy wrath
 R - the +12 rapier of the Ghost (weapon) {flame, rPois Int+2}
   (You took it off a wight on level 11 of the Dungeon)

   It has been specially enchanted to burn those struck by it, causing extra
   injury to most foes and up to half again as much damage against particularly
   susceptible opponents.
   It affects your intelligence (+2).
   It protects you from poison.
 U - the +9 dagger of Chilly Death {flash freeze, rPois rF- rC++ MR+}
   (You found it on level 3 of the Lair of Beasts)

   It has been specially enchanted to freeze those struck by it, causing extra
   injury to most foes and up to half again as much damage against particularly
   susceptible opponents.
   It can also slow down cold-blooded creatures.
   It makes you vulnerable to fire.
   It greatly protects you from cold.
   It protects you from poison.
   It affects your resistance to hostile enchantments.
Missiles
 E - 2 throwing nets (quivered)
Armour
 g - the +3 hat of Pondering (worn) {ponderous, MR+ MP+10 Int+5}
   (You bought it in a shop on level 2 of the Vaults)

   It affects your intelligence (+5).
   It affects your resistance to hostile enchantments.
   It affects your magic capacity (+10).
 p - a +4 troll leather armour (worn)
 D - a +2 pair of boots (worn)
 F - the +2 pair of gloves "Teixoig" (worn) {rPois rF+ Stlth+}
   (You found it in Pandemonium)

   It protects you from fire.
   It protects you from poison.
   It makes you more stealthy.
 I - a +2 cloak of invisibility (worn)
 K - the +3 warlock's mirror (worn) {reflect}
   (You took it off a deep elf knight on level 3 of the Elven Halls)
Jewellery
 j - the ring of Uskayaw's Pride (left hand) {rElec Str+3 SInv Stlth+}
   (You found it in a labyrinth)

   [ring of stealth]

   It affects your strength (+3).
   It insulates you from electricity.
   It lets you see invisible.
   It makes you more stealthy.
 m - a +4 ring of slaying
 w - an uncursed ring of ice
 A - the ring of Shadows (right hand) {Umbra +Inv Stlth+}
   (You found it on level 5 of the Pits of Slime)

   [ring of stealth]

   It lets you turn invisible.
   It makes you more stealthy.
 C - an amulet of magic regeneration (around neck)
 H - the ring "Bovvoppi" {Ice Int+6 Dex+5 Slay-3}
   (You found it on level 3 of the Swamp)

   [ring of ice]

   It enhances your ice magic, and weakens your fire magic.
   It affects your intelligence (+6).
   It affects your dexterity (+5).
   It affects your accuracy and damage with ranged weapons and melee attacks
   (-3).
   It makes you vulnerable to fire.
   It protects you from cold.
 M - the ring "Ubyicapiadgh" {rC- rN+ Str+4 Dex+8}
   (You found it on level 3 of the Crypt)

   [ring of positive energy]

   It affects your strength (+4).
   It affects your dexterity (+8).
   It makes you vulnerable to cold.
   It protects you from negative energy.
 O - an uncursed ring of protection from fire
 W - the ring "Exojoaf" {+Inv rPois rN+ Dex-3 Slay+2}
   (You found it on level 3 of the Crypt)

   [ring of positive energy]

   It affects your dexterity (-3).
   It affects your accuracy and damage with ranged weapons and melee attacks
   (+2).
   It protects you from poison.
   It protects you from negative energy.
   It lets you turn invisible.
 Z - the ring "Jaalatig" {rN+ MR+}
   (You found it on level 5 of the Vaults)

   [ring of positive energy]

   It protects you from negative energy.
   It affects your resistance to hostile enchantments.
Wands
 k - a wand of digging (1/24)
 y - a wand of disintegration (3/24)
 G - a wand of heal wounds (3/9)
 J - a wand of hasting (4/9)
Scrolls
 a - a scroll of identify
 d - 5 scrolls of fog
 e - 3 scrolls of teleportation
 f - 7 scrolls of recharging
 s - 9 scrolls of vulnerability
 t - 6 scrolls of remove curse
 v - 8 scrolls of immolation
 B - 2 scrolls of magic mapping
 P - a scroll of blinking
 V - a scroll of holy word
Potions
 i - 2 potions of resistance
 q - 7 potions of brilliance
 r - 3 potions of might
 u - 3 potions of cure mutation
 x - 4 potions of flight
 z - 8 potions of curing
 N - a potion of cancellation
 S - 3 potions of agility
 X - 4 potions of magic
 Y - 3 potions of ambrosia
Miscellaneous
 o - a figurine of a ziggurat
 L - a fan of gales
 Q - a lamp of fire
 T - 6 phantom mirrors
Comestibles
 c - a bread ration
 h - 29 meat rations


   Skills:
 - Level 15.0 Fighting
 - Level 23.2(24.0) Short Blades
 - Level 9.4(15.2) Long Blades
 - Level 18.0 Armour
 - Level 12.2 Dodging
 - Level 19.0 Stealth
 - Level 15.1 Shields
 - Level 16.1 Spellcasting
 - Level 12.0 Hexes
 - Level 12.0 Charms
 - Level 4.5 Necromancy
 - Level 19.9 Translocations
 - Level 3.5 Air Magic
 O Level 27 Invocations
 + Level 10.6 Evocations


You had 17 spell levels left.
You knew the following spells:

 Your Spells              Type           Power        Failure   Level  Hunger
b - Regeneration          Chrm/Necr      #######...   1%          3    None
c - Vampiric Draining     Necr           ######....   1%          3    None
d - Animate Skeleton      Necr           N/A          1%          1    None
e - Controlled Blink      Tloc           N/A          6%          8    ######.
f - Haste                 Chrm           #######.     3%          6    ###....
g - Apportation           Tloc           ########..   1%          1    None
h - Deflect Missiles      Chrm/Air       #######...   21%         6    ###....
i - Silence               Hex/Air        #######...   4%          5    None
j - Swiftness             Chrm/Air       #######.     1%          2    None
k - Blink                 Tloc           N/A          1%          2    None
l - Passage of Golubria   Tloc           N/A          1%          4    None


Dungeon Overview and Level Annotations

Branches:
Dungeon (15/15)            Temple (0/1) D:4            Lair (6/6) D:8
  Swamp (4/4) Lair:4        Snake (4/4) Lair:3        Slime (5/5) Lair:5
    Orc (2/2) D:12            Elf (3/3) Orc:2        Vaults (5/5) D:14
  Crypt (3/3) Vaults:2       Tomb (3/3) Crypt:3      Depths (5/5) D:15
   Hell (1/1)                 Dis (7/7) Hell            Geh (7/7) Hell
    Coc (7/7) Hell            Tar (7/7) Hell            Zot (5/5) Depths:5

Altars:
Ashenzari
Gozag
Hepliaklqana
Kikubaaqudgha
Pakellas
Qazlal
Sif Muna
Vehumet
Yredelemnul
Zin
Beogh
Jiyva

Shops:
D:9 (   Orc:2 ([*:[   Elf:2 [:   Snake:2 %   Vaults:1 =   Vaults:2 [
Vaults:3 ?   Vaults:4 (   Vaults:5 *

Portals:
Hell: Depths:1 Depths:2 Depths:3 Depths:4 Depths:5
Abyss: Depths:3 Depths:4
Pandemonium: Depths:3

Annotations:
D:3 4thArraOfDagon's ghost, weakling TeAM
D:7 Menkaure
D:13 Azrael; Rupert
D:14 VAULTS
Lair:3 SNAKE
Lair:4 HYDRA POND
Elf:2 3 runed doors
Vaults:2 CRPTS
Geh:7 Asmodeus
Coc:7 Antaeus
Tar:7 Ereshkigal


Innate Abilities, Weirdness & Mutations

You are small and have problems with some larger weapons.
You are somewhat resistant to further mutation.
You have a pair of small horns on your head.
You have a somewhat thin skeletal structure. (Dex +2, Stealth)
You are agile. (Dex +2)
You possess an exceptional clarity of mind.
You are frail. (-10% HP)
Your natural rate of healing is unusually fast.
You are weak. (Str -2)
Your spells are a little harder to cast, but a little more powerful.
Your movements are slightly less encumbered by armour. (ER -2)


Message History

There is a stone staircase leading down here.
Unknown command.
Unknown command.
Evoke which item? (* to show all) (? for menu, Esc to quit)
Zapping:
k - a wand of digging (2/24)
Press: ? - help, Shift-Dir - straight line The rock shatters into small pieces.
This wand has 1 charge left.
You block the giant cockroach's attack.
The giant cockroach bites you but does no damage.
Casting: Passage of Golubria
Confirm with . or Enter, or press ? or * to list all spells.
Aiming: Passage of Golubria
Press: ? - help, Dir - move target cursor You block the giant cockroach's attack.
You enter the passage of Golubria.
There is a passage of Golubria here.
Unknown command.
The giant cockroach waves its antennae.
There is a staircase leading out of the dungeon here.
You have escaped!

...............>##
...##............#
.............##.##
#######......##.#
#### #.........#
...# #.........#
##.## #.......^s##
##..###.........8#
.......#........@#
###.##..........8#
###.##..........##
.....)..........#
.##....###......#
.##.#### ##..####
....# ##.# .####
### .....


You could see a giant cockroach.

Vanquished Creatures
  A pandemonium lord (Pan)
  4 ancient liches
  Mennas (Depths:4)
  A juggernaut (Depths:5)
  12 greater mummies
  5 shard shrikes
  Sojobo (Tomb:1)
  A curse toe (Zot:5)
  Margery (Vaults:2)
  Geryon (Hell)
  4 golden dragons
  A profane servitor (Crypt:3)
  Nikola (Swamp:2)
  An iron giant (Dis:6)
  4 bone dragons
  8 Tzitzimimeh
  2 Brimstone Fiends
  An electric golem (Zot:5)
  3 doom hounds
  A Cloud Mage (WizLab)
  11 liches
  8 tentacled monstrosities
  2 Hell Sentinels (Dis:7)
  The ghost of Erlindor the Warrior, an adept MiFi of Okawaru (Elf:3)
  A titan (Depths:3)
  5 Ice Fiends
  Asterion (Snake:4)
  18 Orb Guardians (Zot:5)
  2 deep elf master archers (Elf:3)
  A quicksilver dragon (Dis:7)
  2 deep elf blademasters (Elf:3)
  The ghost of 4thArraOfDagon the Brawler, an adept TrAK of Lugonu (Depths:1)
  10 acid blobs
  3 death cobs (Zot:5)
  An ancient champion (Dis:6)
  2 thorn hunters
  10 Executioners
  12 sphinxes
  A shadow dragon (Depths:4)
  7 storm dragons
  2 revenants (Tomb:1)
  11 tengu reavers
  Gastronok (Lair:3)
  6 azure jellies
  3 draconian monks
  3 frost giants
  9 greater nagas
  A draconian knight (Zig:14)
  An iron dragon (Dis:7)
  23 vault wardens
  9 balrugs
  An orc warlord (Orc:2)
  7 deep elf sorcerers
  2 draconian scorchers
  13 fire giants
  Aizul (Snake:1)
  3 draconian zealots
  2 draconian shifters
  3 warmongers (Pan)
  17 ironheart preservers
  A juggernaut zombie (Hell)
  13 cacodemons
  19 very ugly things
  9 ghouls (Crypt:3)
  A curse skull (Crypt:2)
  8 deep elf elementalists
  A caustic shrike skeleton (Zig:12)
  3 chaos champions (Pan)
  4 draconian annihilators
  4 spriggan defenders
  2 elemental wellsprings (Coc:7)
  A blood saint (Pan)
  22 reapers
  17 stone giants
  7 vampire knights
  An entropy weaver (Vaults:5)
  8 war gargoyles
  2 draconian callers
  3 green draconians
  5 corrupters (Pan)
  Nessos (D:14)
  5 white draconians
  A lorocyproca (Pan)
  10 deep elf annihilators
  2 deep elf demonologists
  4 black suns (Pan)
  A bennu (Tomb:2)
  2 black draconians
  4 mottled draconians
  Snorg (Orc:1)
  A red draconian (Zot:3)
  2 yellow draconians
  4 dire elephants (Lair:6)
  2 purple draconians
  8 spark wasps
  10 ettins
  7 blizzard demons
  A minotaur (Lab)
  23 mummy priests
  2 death oozes (Slime:5)
  3 deep elf death magi
  2 green deaths (Pan)
  2 quicksilver dragon zombies (Dis:6)
  4 jiangshi
  9 eidola
  8 ogre magi
  12 fire dragons
  12 yaktaur captains
  3 deep elf high priests
  8 great orbs of eyes
  Josephine (Lair:4)
  6 rakshasas
  35 vault guards
  A hell beast (Pan)
  17 ice dragons
  A kraken zombie (Coc:7)
  6 monstrous demonspawn
  11 naga warriors
  18 hydras
  17 anacondas
  9 spriggan air magi
  2 catoblepae
  6 death knights
  A centaur warrior (Depths:2)
  15 dancing weapons
  12 alligators
  12 deep troll shamans
  3 ghost crabs
  8 death yaks
  13 death scarabs
  8 deep troll earth magi
  11 naga sharpshooters
  A hell hog (shapeshifter) (Vaults:5)
  3 vampire magi
  4 thrashing horrors
  Urug (Lair:4)
  12 spriggan berserkers
  2 shock serpents
  11 tengu warriors
  16 soul eaters
  6 titan zombies
  3 orc high priests (Orc:2)
  23 sun demons
  An iron troll (Depths:4)
  6 storm dragon zombies
  17 deep elf knights
  2 titan skeletons
  33 hell knights
  60 skeletal warriors
  3 small abominations
  8 shadow wraiths
  4 anaconda zombies
  9 giant orange brains
  11 shadow demons
  5 infernal demonspawn (Pan)
  A cherub (Pan)
  5 hill giants
  3 golden dragon zombies
  2 ghost moth zombies
  9 swamp dragons
  3 spriggan druids
  8 naga ritualists
  4 torturous demonspawn (Pan)
  4 shadow dragon zombies
  11 deep elf archers
  39 deep trolls
  9 flayed ghosts
  A shambling mangrove (Swamp:4)
  2 gelid demonspawn (Pan)
  14 wizards
  16 anubis guards
  25 phantasmal warriors
  3 putrid demonspawn (Pan)
  4 tengu skeletons
  3 shadow dragon skeletons
  16 ironbrand convokers
  17 necromancers
  A sphinx zombie (Zig:7)
  7 oklob plants (Zig:7)
  2 mana vipers
  12 orc knights
  6 orc sorcerers
  4 griffons
  45 deep elf magi
  32 ugly things
  2 shining eyes (Slime:5)
  A sphinx skeleton (Zig:7)
  7 stone giant zombies
  A wolf spider zombie (Dis:6)
  A worldbinder (Abyss:4)
  4 wolf spiders
  4 cyclopes
  3 stone giant skeletons
  2 frost giant skeletons
  5 salamanders
  2 spriggan zombies
  3 iron dragon skeletons
  An ice statue (Coc:7)
  15 sixfirhies
  A shock serpent zombie (Geh:7)
  3 fire giant zombies
  3 moths of wrath (Zot:5)
  4 elephants (Lair:6)
  A titan simulacrum (Crypt:1)
  4 fire giant skeletons
  8 smoke demons
  24 black mambas
  A torpor snail (Lair:6)
  11 rust devils
  A black mamba (shapeshifter) (D:15)
  3 dire elephant skeletons
  3 dire elephant zombies
  14 guardian serpents
  19 naga magi
  A spiny frog (shapeshifter) (Vaults:4)
  A gargoyle (D:14)
  16 vault sentinels
  12 spiny frogs
  7 molten gargoyles
  2 spectral swamp worms (Depths:2)
  A spriggan skeleton (Zig:12)
  14 hellions
  2 rime drakes (Lair:5)
  2 centaur skeletons
  14 orange demons
  30 yaktaurs
  2 catoblepas zombies
  A hexer (Vaults:5)
  4 komodo dragons
  7 hellwings
  2 efreet (Pan)
  An emperor scorpion zombie (Crypt:3)
  An entropy weaver simulacrum (Vaults:2)
  An anaconda simulacrum (Hell)
  22 ice devils
  2 demonic crawlers (Pan)
  23 freezing wraiths
  4 silent spectres
  5 trolls
  27 guardian mummies
  3 hydra zombies (Hell)
  A minotaur zombie (Geh:6)
  20 tormentors
  A troll (shapeshifter) (D:13)
  3 giant leeches
  5 wind drakes (WizLab)
  A merfolk (shapeshifter) (Vaults:5)
  A tengu conjurer (Depths:4)
  13 red devils
  2 polar bears
  A deep troll zombie (Hell)
  51 slime creatures
  11 two-headed ogres
  2 harpy skeletons
  A meliai (shapeshifter) (D:15)
  4 hydra skeletons
  A tengu simulacrum (Vaults:5)
  7 boulder beetles
  A slime creature (shapeshifter) (Zig:13)
  2 ettin zombies
  Prince Ribbit (D:5)
  13 blink frogs
  5 alligator zombies
  2 bog bodies (Swamp:1)
  9 ushabtiu
  A frost giant simulacrum (Vaults:5)
  2 fire dragon zombies
  64 flying skulls
  5 ice dragon zombies
  24 large abominations
  6 ynoxinuls
  6 ettin skeletons
  36 air elementals
  2 fire dragon skeletons
  6 shadows
  13 spriggans
  4 wyverns
  3 elf zombies
  18 wraiths
  3 basilisks
  37 yaks
  A vampire (D:14)
  13 water elementals
  8 hippogriffs
  A steam dragon (D:11)
  20 neqoxecs
  2 hungry ghosts
  14 fire elementals
  4 golden eyes
  8 chaos spawn (Pan)
  A human simulacrum (Vaults:1)
  19 vampire mosquitoes
  A hippogriff (shapeshifter) (Vaults:1)
  3 mottled dragons
  A naga (shapeshifter) (Elf:1)
  4 wargs
  A tengu zombie (Hell)
  19 insubstantial wisps
  A merfolk zombie (Crypt:3)
  38 nagas
  12 water moccasins
  25 hell hounds
  A merfolk skeleton (Coc:4)
  6 spiny frog zombies
  11 swamp worms
  2 giant eyeballs
  7 porcupines
  2 human skeletons
  A sky beast (D:9)
  8 swamp drakes
  22 ice beasts
  45 orc warriors
  10 eyes of draining
  A black bear (shapeshifter) (Elf:1)
  4 snapping turtle zombies
  An ice dragon simulacrum (Tar:2)
  A black mamba simulacrum (Crypt:2)
  A swamp dragon zombie (Crypt:3)
  2 elf skeletons
  18 necrophages
  15 wasps
  10 wolves
  30 ogres
  3 centaurs
  A manticore skeleton (Geh:7)
  A snapping turtle skeleton (Coc:7)
  5 boggarts
  A centaur (shapeshifter) (Vaults:5)
  13 crocodiles
  2 big kobolds
  9 giant frogs
  A gnoll sergeant (Orc:2)
  4 earth elementals (Elf:1)
  A spiny frog simulacrum (Coc:3)
  8 wyvern skeletons
  A scorpion (D:8)
  15 killer bees
  30 wights
  4 electric eels
  3 howler monkeys
  7 crimson imps
  9 starcursed masses
  5 centaur zombies
  A giant frog zombie (D:13)
  4 iron imps
  A jelly (D:14)
  19 orc priests
  5 hounds
  20 orc wizards
  2 giant frog skeletons
  Jessica (D:2)
  5 worker ants
  8 iguanas
  4 hell rats (Lair:3)
  A lightning spire (Zig:13)
  A yak simulacrum (D:11)
  A wolf simulacrum (D:11)
  41 sheep
  A giant frog simulacrum (D:12)
  A demigod skeleton (Crypt:1)
  A naga skeleton (Tar:4)
  26 mummies
  A worker ant zombie (D:9)
  A howler monkey zombie (D:5)
  9 adders
  7 gnolls
  2 howler monkey skeletons
  26 river rats
  5 shadow imps
  7 white imps
  An ooze (D:6)
  An ufetubus (D:12)
  A sheep zombie (Crypt:2)
  An adder skeleton (D:5)
  A worm (D:3)
  5 giant geckos
  84 orcs
  2 ball pythons
  3 bats
  4 giant cockroaches
  9 goblins
  4 hobgoblins
  6 jackals
  6 quokkas
  A giant gecko skeleton (D:4)
  6 giant newts
  A hobgoblin zombie (Crypt:2)
  2 jackal zombies
  10 kobolds
  A quokka zombie (D:6)
  4 rats
  A butterfly (Lair:5)
  A crawling corpse (Elf:1)
  A fire vortex (Geh:7)
  4 plants (Lair:6)
  A starspawn tentacle (Abyss:4)
  2 tentacles
  2 withered plants (Crypt:3)
2947 creatures vanquished.

Vanquished Creatures (collateral kills)
  the Royal Jelly (Slime:5)
  An orb of fire (Zot:5)
  A juggernaut (Depths:4)
  An ancient lich (Zig:14)
  A greater mummy (Tomb:2)
  2 Killer Klowns (Zot:5)
  A Tzitzimitl (Pan)
  A Brimstone Fiend (Pan)
  2 liches
  4 tentacled monstrosities
  2 Hell Sentinels
  A deep elf blademaster (Elf:3)
  A quicksilver dragon (Dis:7)
  An Ice Fiend (Coc:7)
  A titan (Vaults:5)
  A deep elf master archer (Elf:3)
  3 acid blobs
  3 Executioners (Pan)
  A tentacled starspawn (Abyss:4)
  2 greater nagas (Snake:4)
  A storm dragon (Depths:5)
  A frost giant (Depths:3)
  2 fire giants
  A cacodemon (Pan)
  A vault warden (Zig:13)
  2 balrugs (Pan)
  A deep elf elementalist (Vaults:5)
  An ironheart preserver (Vaults:5)
  A draconian annihilator (Zot:5)
  A reaper (Zig:12)
  A war gargoyle (Dis:7)
  A very ugly thing (Pan)
  A black sun (Pan)
  A bennu (Tomb:2)
  A green draconian (Zot:5)
  2 deep elf annihilators
  2 dire elephants (Lair:6)
  An eidolon (Zig:6)
  A blizzard demon (Pan)
  2 yaktaur captains
  A fire dragon (Vaults:5)
  A mummy priest (Tomb:2)
  A green death (Pan)
  A hell beast (Pan)
  A kraken zombie (Hell)
  2 rakshasas
  A vault guard (Vaults:1)
  A monstrous demonspawn (Pan)
  A ghost crab (Swamp:4)
  5 hydras (Swamp:4)
  An anaconda (Snake:4)
  A juggernaut simulacrum (Pan)
  An ogre mage (Zig:14)
  A dancing weapon (Elf:1)
  A vampire mage (Crypt:2)
  A tengu warrior (D:15)
  A deep troll shaman (Vaults:2)
  2 sun demons (Pan)
  2 spriggans
  4 skeletal warriors
  2 deep elf knights (Elf:2)
  4 soul eaters
  A hell knight (Hell)
  2 shadow wraiths (Tar:7)
  3 deep trolls
  An unseen horror (Tar:7)
  A deep elf archer (Vaults:4)
  A giant orange brain (Pan)
  2 anaconda skeletons
  A wizard (Zig:14)
  An orc knight (Orc:2)
  3 anubis guards
  A putrid demonspawn (Pan)
  An orange crystal statue (D:12)
  A wolf spider zombie (Crypt:3)
  A hill giant (D:15)
  2 phantasmal warriors (Crypt:3)
  A mana viper (Snake:3)
  4 necromancers
  An orc sorcerer (Orc:2)
  A cyclops (D:13)
  A shining eye (Zig:11)
  5 deep elf magi
  A griffon (Lair:6)
  An ugly thing (D:15)
  2 guardian serpents (Snake:4)
  3 sixfirhies (Pan)
  A frost giant skeleton (Tar:4)
  A rust devil (Abyss:4)
  A centaur zombie (D:12)
  2 black mambas
  2 molten gargoyles (Geh:7)
  2 eyes of devastation (Zig:11)
  2 orange demons
  A gargoyle (D:14)
  2 naga magi
  A smoke demon (Pan)
  A spectral swamp worm (Depths:2)
  3 spiny frogs
  6 freezing wraiths
  4 ice devils
  A tormentor (Dis:6)
  4 yaktaurs
  A guardian mummy (Tomb:2)
  A silent spectre (Tar:7)
  A meliai (shapeshifter) (Vaults:5)
  6 red devils
  A hydra zombie (Hell)
  A wind drake (WizLab)
  An alligator zombie (Coc:7)
  A boulder beetle (Zig:13)
  3 blink frogs
  A bog body (Swamp:2)
  A raiju (Abyss:4)
  8 slime creatures
  3 ushabtiu (Tomb:2)
  A centaur simulacrum (D:12)
  A shadow (Dis:4)
  5 air elementals
  11 flying skulls
  5 wraiths
  2 yaks (Lair:3)
  4 water elementals
  9 large abominations
  2 chaos spawn
  A basilisk (D:8)
  2 hippogriffs
  3 fire elementals
  2 neqoxecs (Pan)
  A vampire mosquito (D:8)
  6 swamp worms
  A warg (Orc:1)
  9 insubstantial wisps
  2 water moccasins
  4 nagas (Snake:4)
  4 hell hounds
  6 orc warriors
  4 swamp drakes (Swamp:4)
  3 ice beasts
  A sky beast (D:12)
  A spiny frog zombie (Coc:6)
  4 wasps
  A starcursed mass (Abyss:4)
  An alligator simulacrum (Hell)
  An eye of draining (D:13)
  A necrophage (Crypt:3)
  3 centaurs
  3 crocodiles
  A snapping turtle skeleton (Geh:7)
  A big kobold (D:10)
  3 giant frogs
  An earth elemental (Abyss:4)
  A killer bee (D:11)
  8 wights
  A howler monkey (D:10)
  3 jellies
  An orc priest (Orc:2)
  5 orc wizards
  2 iron imps
  An iguana (Lair:3)
  Terence (D:2)
  A hell rat (Lair:3)
  3 worker ants
  4 sheep
  A hound skeleton (D:5)
  4 mummies
  Robin (D:2)
  2 gnolls (Orc:2)
  4 adders
  2 river rats
  A white imp (Coc:7)
  2 worms
  2 giant geckos
  17 orcs
  A ball python (D:3)
  A jackal (D:3)
  4 kobolds
  2 bats
  2 goblins (D:2)
  2 rats
  A crawling corpse (Elf:1)
  2 fungi
  A plant (Zig:7)
  A starspawn tentacle (Abyss:4)
391 creatures vanquished.

Vanquished Creatures (others)
  An eldritch tentacle (Pan)
  A cacodemon (Pan)
  A blood saint (Pan)
  2 deep elf high priests
  A rakshasa (Abyss:1)
  11 death scarabs (Tomb:2)
  An ogre mage (Abyss:4)
  A deep elf knight (Elf:1)
  A deep elf archer (Elf:1)
  An ironbrand convoker (Zig:13)
  3 deep elf magi
  2 sixfirhies (Pan)
  A moth of wrath (Zot:5)
  A naga mage (Snake:4)
  A hellion (Geh:7)
  A dire elephant skeleton (Tomb:2)
  2 yaktaurs (Vaults:4)
  A guardian mummy (Tomb:3)
  A flying skull (Tomb:2)
  A ynoxinul (Abyss:4)
  A fire bat (Abyss:4)
  A chaos spawn (Abyss:4)
  A neqoxec (Pan)
  An orc warrior (D:12)
  2 wights (Tar:2)
  2 mummies
  44 hexers
  An orc (Orc:1)
  A bush (D:8)
  48 eldritch tentacle segments (Pan)
  2 fungi
  23 plants
  6 starspawn tentacles
  66 starspawn tentacle segments
  21 tentacles
  423 tentacle segments
  A withered plant (Crypt:3)
679 creatures vanquished.

Grand Total: 4017 creatures vanquished

Notes
Turn   | Place    | Note
-------+----------+-------------------------------------------
     0 | D:1      | 4thArraOfDagon the Halfling Necromancer began the quest for the Orb.
     0 | D:1      | Reached XP level 1. HP: 11/11 MP: 3/3
   158 | D:2      | Noticed Jessica
   189 | D:1      | You fall through a shaft!
   192 | D:2      | Killed Jessica
   192 | D:2      | Reached XP level 2. HP: 3/17 MP: 0/5
   192 | D:2      | Reached XP level 3. HP: 3/21 MP: 0/6
   202 | D:2      | Learned a level 3 spell: Regeneration
   404 | D:4      | Found a hazy altar of Hepliaklqana.
   416 | D:4      | Became a worshipper of Hepliaklqana
   425 | D:4      | Found an ancient bone altar of Kikubaaqudgha.
   429 | D:4      | Found a staircase to the Ecumenical Temple.
   502 | D:2      | Noticed Terence
   503 | D:2      | Noticed Sigmund
   592 | D:3      | Reached XP level 4. HP: 17/27 MP: 5/7
   598 | D:3      | Found an opulent altar of Gozag.
   616 | D:3      | Learned a level 3 spell: Vampiric Draining
   915 | D:2      | Reached skill level 1 in Long Blades
   927 | D:2      | Reached * piety under Hepliaklqana
   951 | D:2      | Noticed Robin
  1064 | D:1      | Reached skill level 1 in Charms
  1397 | D:2      | Noticed Sigmund
  1406 | D:2      | Killed Sigmund the wolf
  1406 | D:2      | Reached XP level 5. HP: 23/31 MP: 8/8
  1524 | D:2      | Found an oddly glowing altar of Pakellas.
  1605 | D:2      | Killed Robin
  1709 | D:2      | Killed Terence
  1709 | D:2      | Reached XP level 6. HP: 22/36 MP: 9/9
  1876 | D:3      | Noticed 4thArraOfDagon's ghost (weakling TeAM)
  2166 | D:5      | Entered Level 5 of the Dungeon
  2244 | D:5      | Reached skill level 1 in Armour
  2280 | D:5      | Reached skill level 1 in Fighting
  2309 | D:5      | Reached XP level 7. HP: 24/43 MP: 10/10
  2505 | D:5      | Noticed Prince Ribbit
  2601 | D:5      | Reached ** piety under Hepliaklqana
  2613 | D:5      | Remembered your ancestor Xochipepe as a hexer
  2769 | D:5      | Killed Prince Ribbit
  2958 | D:7      | Reached XP level 8. HP: 30/50 MP: 11/11
  3160 | D:6      | Learned a level 1 spell: Animate Skeleton
  3275 | D:7      | Noticed Menkaure
  3429 | D:7      | Reached skill level 5 in Long Blades
  3518 | D:8      | Noticed a basilisk
  3552 | D:8      | Found a radiant altar of Vehumet.
  3552 | D:8      | Found an oddly glowing altar of Pakellas.
  3841 | D:8      | Found a stormy altar of Qazlal.
  3843 | D:8      | Noticed a fire elemental
  3876 | D:9      | Reached XP level 9. HP: 56/57 MP: 12/12
  3909 | D:8      | Found a glowing silver altar of Zin.
  3978 | D:10     | Entered Level 10 of the Dungeon
  4047 | D:10     | :WHY
  4070 | D:10     | Reached skill level 5 in Dodging
  4159 | D:9      | Gained mutation: You have a somewhat thin skeletal structure. (Dex +2, Stealth) [mutagenic meat]
  4193 | D:9      | Reached *** piety under Hepliaklqana
  4314 | D:9      | Reached skill level 5 in Armour
  4332 | D:9      | Found Anusuji's Weapon Shoppe.
  4767 | D:10     | Reached XP level 10. HP: 64/65 MP: 13/13
  5137 | D:11     | Reached skill level 5 in Charms
  5146 | D:11     | Learned a level 4 spell: Animate Dead
  5286 | D:11     | Reached **** piety under Hepliaklqana
  5427 | D:11     | Reached skill level 1 in Invocations
  5513 | D:11     | Reached skill level 5 in Fighting
  5545 | D:11     | Noticed a necromancer
  5562 | D:11     | Reached XP level 11. HP: 67/71 MP: 15/15
  5626 | D:11     | Killed a necromancer
  5626 | D:11     | Reached skill level 2 in Invocations
  5833 | D:11     | Noticed a cyclops
  5879 | D:11     | Killed a cyclops
  5879 | D:11     | Reached skill level 3 in Invocations
  6046 | D:11     | Got a jewelled rapier {flame}
  6047 | D:11     | Identified the +12 rapier of the Ghost {flame, rPois Int+2} (You took it off a wight on level 11 of the Dungeon)
  6346 | D:9      | Reached skill level 1 in Short Blades
  6564 | D:8      | Found a staircase to the Lair.
  6675 | D:8      | Reached skill level 4 in Invocations
  6906 | D:11     | Reached XP level 12. HP: 67/79 MP: 5/18
  6983 | D:12     | Gained mutation: You are agile. (Dex +2) [mutagenic meat]
  6986 | D:12     | Gained mutation: You are frail. (-10% HP) [mutagenic meat]
  7028 | D:12     | Reached skill level 5 in Short Blades
  7041 | D:12     | Noticed a five-headed hydra
  7059 | D:12     | Killed a five-headed hydra
  7182 | D:12     | Noticed a six-headed hydra
  7207 | D:12     | Killed a six-headed hydra
  7218 | D:12     | Noticed a six-headed hydra
  7227 | D:12     | Killed a six-headed hydra
  7454 | D:12     | Reached skill level 5 in Invocations
  7539 | D:12     | Found a roughly hewn altar of Beogh.
  7539 | D:12     | Found a staircase to the Orcish Mines.
  7661 | D:13     | Noticed a rakshasa
  7706 | D:15     | Entered Level 15 of the Dungeon
  7720 | D:15     | Learned a level 6 spell: Haste
  7927 | D:15     | Gained mutation: Your spells are a little harder to cast, but a little more powerful. [mutagenic meat]
  7942 | D:15     | Lost mutation: You are frail. (-10% HP) [mutagenic meat]
  7945 | D:15     | Gained mutation: Scrolls take you a little longer to read. [mutagenic meat]
  7983 | D:15     | Gained mutation: You possess an exceptional clarity of mind. [mutagenic meat]
  7986 | D:15     | Gained mutation: You have a pair of small horns on your head. [mutagenic meat]
  8059 | D:15     | Noticed a tengu warrior
  8059 | D:15     | Noticed a tengu warrior
  8086 | D:15     | Killed a tengu warrior
  8133 | D:15     | Killed a tengu warrior
  8133 | D:15     | Reached XP level 13. HP: 65/85 MP: 2/19
  8211 | D:15     | Reached ***** piety under Hepliaklqana
  8285 | D:15     | Gained mutation: Your natural rate of healing is unusually fast. [mutagenic meat]
  8339 | D:15     | magipi: hello
  8362 | D:15     | Reached skill level 5 in Stealth
  8372 | D:15     | magipi: 8 anon spectators?!
  8432 | D:14     | Noticed a catoblepas
  8446 | D:14     | Killed a catoblepas
  8512 | D:14     | 4thArraOfDagon: stalkers
  8512 | D:14     | 4thArraOfDagon: ???
  8534 | D:14     | Reached skill level 6 in Invocations
  8561 | D:14     | Noticed a vault guard
  8561 | D:14     | Noticed a vault guard
  8603 | D:14     | magipi: your dude is a hexer?
  8603 | D:14     | 4thArraOfDagon: this is creepy
  8613 | D:14     | 4thArraOfDagon: ya, jexer
  8624 | D:14     | Noticed Nessos
  8650 | D:14     | incide: > Xochipepe
  8650 | D:14     | incide: http://66.media.tumblr.com/84f53497959cf5c0541257bf429fea3b/tumblr_nnba76lwKr1urlc5jo1_1280.jpg
  8656 | D:14     | Killed Nessos
  8730 | D:13     | Learned a level 1 spell: Apportation
  8972 | D:14     | Lost mutation: Scrolls take you a little longer to read. [mutagenic meat]
  9281 | D:14     | Reached skill level 5 in Spellcasting
  9388 | D:13     | Reached skill level 10 in Short Blades
  9388 | D:13     | Reached XP level 14. HP: 92/92 MP: 21/21
  9421 | D:13     | Noticed Rupert
  9627 | D:13     | Noticed Azrael
  9856 | Orc:1    | Entered Level 1 of the Orcish Mines
 10085 | Orc:1    | Noticed Snorg
 10105 | Orc:1    | Killed Snorg
 10105 | Orc:1    | Reached skill level 7 in Invocations
 10182 | Orc:2    | Entered Level 2 of the Orcish Mines
 10236 | Orc:2    | Found Uckowail's Armour Emporium.
 10252 | Orc:2    | Bought a +2 pair of gloves of dexterity for 258 gold pieces
 10370 | Orc:2    | Found a staircase to the Elven Halls.
 10439 | Orc:2    | Reached skill level 10 in Charms
 10560 | Orc:2    | Reached skill level 10 in Dodging
 10628 | Orc:2    | Noticed an orc warlord
 10637 | Orc:2    | Killed an orc warlord
 11042 | Orc:2    | Found Pinemn's General Store.
 11043 | Orc:2    | Found Vema's Book Shop.
 11044 | Orc:2    | Found Jaane's Antique Armour Boutique.
 11044 | Orc:2    | Found Nokkif's Antique Weapon Boutique.
 11058 | Orc:2    | Bought a scroll of identify for 34 gold pieces
 11089 | Orc:2    | Bought a sapphire-encrusted chain mail for 342 gold pieces
 11089 | Orc:2    | Bought a brightly glowing ring mail for 324 gold pieces
 11089 | Orc:2    | Bought a transparent ring mail for 324 gold pieces
 11090 | Orc:2    | Gained mutation: Your movements are slightly less encumbered by armour. (ER -2) [potion of beneficial mutation]
 11105 | Orc:2    | Identified the cursed +1 ring mail "Vudygrar" {rPois rC+ Str+3} (You bought it in a shop on level 2 of the Orcish Mines)
 11116 | Orc:2    | Identified the +1 ring mail "Kiuchas" {+Inv rF- Dex+4} (You bought it in a shop on level 2 of the Orcish Mines)
 11126 | Orc:2    | Identified the +0 chain mail "Obly" {MR+ rCorr} (You bought it in a shop on level 2 of the Orcish Mines)
 11126 | Orc:2    | rly
 11148 | Orc:2    | Bought a scroll of enchant weapon for 127 gold pieces
 11282 | Lair:1   | Entered Level 1 of the Lair of Beasts
 11446 | Lair:2   | Reached XP level 15. HP: 99/99 MP: 23/23
 11544 | Lair:3   | Noticed Gastronok
 11564 | Lair:3   | Killed Gastronok
 11591 | Lair:3   | Learned a level 6 spell: Deflect Missiles
 11855 | Lair:3   | Reached skill level 8 in Invocations
 12278 | Lair:4   | Noticed Urug
 12287 | Lair:4   | Killed Urug
 12311 | Lair:4   | Got a colourful robe
 12321 | Lair:4   | Reached skill level 10 in Armour
 12491 | Lair:4   | Identified the +2 robe of Wonder {+Blink rElec Str-4} (You found it on level 4 of the Lair of Beasts)
 12533 | Lair:4   | Found a labyrinth entrance.
 12542 | Lab      | Entered a labyrinth
 12734 | Lab      | Identified the Almanac of Air (You found it in a labyrinth)
 12738 | Lab      | Got an ancient tin ring
 12744 | Lair:4   | Identified the ring of Uskayaw's Pride {rElec Str+3 SInv Stlth+} (You found it in a labyrinth)
 12800 | Lair:5   | Found a staircase to the Slime Pits.
 12996 | Lair:6   | Entered Level 6 of the Lair of Beasts
 13181 | Lair:6   | Reached XP level 16. HP: 107/107 MP: 25/25
 13632 | Lair:6   | cant forget off books
 13632 | Lair:6   | ok...
 13789 | Lair:6   | Reached skill level 9 in Invocations
 14045 | Lair:4   | Noticed Josephine
 14048 | Lair:4   | Killed Josephine
 14218 | Lair:4   | Found a staircase to the Swamp.
 14233 | Swamp:1  | Entered Level 1 of the Swamp
 14245 | Swamp:1  | Reached skill level 1 in Air Magic
 14249 | Swamp:2  | Noticed Nikola
 14249 | Swamp:2  | Noticed a thorn hunter
 14425 | Swamp:2  | Killed a thorn hunter
 14516 | Swamp:2  | hmmm
 14573 | Swamp:2  | Killed Nikola
 14809 | Swamp:4  | Entered Level 4 of the Swamp
 14813 | Swamp:4  | Reached ****** piety under Hepliaklqana
 14877 | Swamp:3  | Got a transparent brass ring
 14879 | Swamp:3  | Identified the ring "Bovvoppi" {Ice Int+6 Dex+5 Slay-3} (You found it on level 3 of the Swamp)
 15063 | Swamp:4  | Got a pitted shield
 15069 | Swamp:4  | Identified the cursed +0 shield of Beogh's Hope {rPois rN+ Int-2 SInv} (You found it on level 4 of the Swamp)
 15103 | Swamp:4  | Reached XP level 17. HP: 113/113 MP: 14/27
 15130 | Swamp:4  | Reached skill level 1 in Shields
 15289 | Swamp:4  | Noticed a thorn hunter
 15302 | Swamp:4  | Killed a thorn hunter
 15312 | Swamp:4  | Got a decaying rune of Zot
 15733 | Lair:3   | Found a staircase to the Snake Pit.
 15811 | Snake:1  | Entered Level 1 of the Snake Pit
 15821 | Snake:1  | Noticed Aizul
 15845 | Snake:1  | Learned a level 5 spell: Silence
 15874 | Snake:1  | Killed Aizul
 15951 | Lair:3   | Reached skill level 5 in Shields
 16034 | Snake:1  | Reached skill level 15 in Short Blades
 16222 | Snake:2  | Found Tibriet's Food Shoppe.
 16324 | Snake:4  | Entered Level 4 of the Snake Pit
 16630 | Snake:4  | Noticed Asterion
 16633 | Snake:4  | Got a serpentine rune of Zot
 16808 | Snake:4  | Reached XP level 18. HP: 119/119 MP: 29/29
 17698 | Snake:4  | Killed Asterion
 17698 | Snake:4  | Reached skill level 10 in Shields
 18375 | Snake:3  | Reached XP level 19. HP: 124/124 MP: 30/30
 18964 | Elf:1    | Entered Level 1 of the Elven Halls
 19490 | Elf:2    | Found Naolor's Antique Armour Shoppe.
 19497 | Elf:2    | Found a flickering gateway to a bazaar.
 19597 | Elf:2    | Found Temaf's Book Shoppe.
 19622 | Bazaar   | Entered a bazaar
 19669 | Bazaar   | Found Lurof's General Store.
 19677 | Bazaar   | Bought a scroll of magic mapping for 31 gold pieces
 19690 | Bazaar   | Found Domagiy's Armour Boutique.
 19751 | Bazaar   | Found Dosmuz's Book Boutique.
 19902 | Elf:2    | Found a runed gate.
 19902 | Elf:2    | Found a runed gate.
 19904 | Elf:2    | Found a runed gate.
 19919 | Elf:2    | Found a deep blue altar of Sif Muna.
 20026 | Elf:3    | Entered Level 3 of the Elven Halls
 20048 | Elf:3    | Identified the +1 chain mail "Ijumeli" {rPois} (You found it on level 3 of the Elven Halls)
 20072 | Elf:3    | Learned a level 2 spell: Swiftness
 20134 | Elf:3    | Noticed Erlindor's ghost (adept MiFi)
 20213 | Elf:3    | Killed Erlindor's ghost
 20220 | Elf:3    | RIP BUD
 20296 | Elf:3    | Found a deep blue altar of Sif Muna.
 20449 | Elf:3    | Reached XP level 20. HP: 130/130 MP: 31/31
 20721 | Elf:3    | i like this layout
 20910 | Elf:3    | Reached skill level 15 in Shields
 20986 | Elf:3    | Identified the ring of Yditsaliyt {rPois MP+9} (You took it off a deep elf knight on level 3 of the Elven Halls)
 20987 | Elf:3    | Identified the +8 scimitar of Tezeetea {freeze, *Noise +Inv Str+10 Int-3} (You took it off a deep elf knight on level 3 of the Elven Halls)
 20988 | Elf:3    | lol
 21010 | Elf:3    | Got a wavering marble ring
 21018 | Elf:3    | Identified the cursed ring of Qyoll {Dex+4 Slay-3} (You found it on level 3 of the Elven Halls)
 21165 | Elf:2    | Bought an ichor-stained plate armour for 728 gold pieces
 21177 | Elf:2    | Identified the +8 plate armour of the Harvest {rElec} (You bought it in a shop on level 2 of the Elven Halls)
 21177 | Elf:2    | meh
 21277 | D:15     | lets die
 21315 | D:13     | Identified a +8 rod of inaccuracy (12/12) (You found it in a labyrinth)
 21547 | Slime:1  | Entered Level 1 of the Pits of Slime
 21731 | Slime:5  | Entered Level 5 of the Pits of Slime
 21891 | Slime:5  | Found a viscous altar of Jiyva.
 21891 | Slime:5  | Noticed the Royal Jelly
 21899 | Slime:5  | Killed the Royal Jelly
 21899 | Slime:5  | Reached XP level 21. HP: 118/135 MP: 27/32
 21971 | Slime:5  | Got a slimy rune of Zot
 21992 | Slime:5  | Identified the Volume of Scorching Snow (You found it on level 5 of the Pits of Slime)
 21998 | Slime:5  | Got an ancient robe
 22018 | Slime:5  | Identified a scroll of acquirement
 22020 | Slime:5  | :(
 22026 | Slime:5  | Learned a level 2 spell: Blink
 22026 | Slime:5  | Identified the +4 robe of Lucidity {*Corrode +Fly rF+ Str+4} (You found it on level 5 of the Pits of Slime)
 22587 | D:14     | Found a gate to the Vaults.
 22594 | Vaults:1 | Entered Level 1 of the Vaults
 22721 | Vaults:2 | Reached skill level 10 in Stealth
 22938 | Vaults:1 | Got a vibrating pewter ring
 22939 | Vaults:1 | Identified the ring "Miaguesk" {+Fly rElec MR- Stlth+} (You found it on level 1 of the Vaults)
 23062 | Vaults:2 | Noticed Margery
 23090 | Vaults:2 | Killed Margery
 23129 | Vaults:2 | Found Jifoa's Antique Armour Emporium.
 23141 | Vaults:2 | Bought the +3 hat of Pondering {ponderous, MR+ MP+10 Int+5} for 530 gold pieces
 23141 | Vaults:2 | Bought a fine scale mail for 279 gold pieces
 23166 | Vaults:2 | Identified the cursed +0 scale mail "Ijoorhan" {Int+4} (You bought it in a shop on level 2 of the Vaults)
 23423 | Vaults:1 | Found Uritz's Jewellery Shoppe.
 23735 | Vaults:3 | Reached XP level 22. HP: 141/141 MP: 33/33
 24014 | Vaults:4 | Reached skill level 15 in Stealth
 24032 | Vaults:4 | Found Irhol's Antique Weapon Shop.
 24119 | Vaults:3 | Found Xakhlomn's Magic Scroll Shoppe.
 24128 | Vaults:3 | Bought a scroll of teleportation for 63 gold pieces
 24128 | Vaults:3 | Bought a scroll of magic mapping for 73 gold pieces
 24128 | Vaults:3 | Bought a scroll of fog for 42 gold pieces
 24431 | Vaults:2 | Identified Koocioh's Guide on Excruciating Summoning (You found it on level 2 of the Vaults)
 24707 | Vaults:5 | Entered Level 5 of the Vaults
 24768 | Vaults:5 | Reached skill level 1 in Evocations
 24852 | Vaults:5 | Reached skill level 5 in Evocations
 25014 | Vaults:5 | Reached XP level 23. HP: 132/146 MP: 34/34
 25040 | Vaults:5 | Got a crude silver ring
 25042 | Vaults:5 | Identified the ring "Jaalatig" {rN+ MR+} (You found it on level 5 of the Vaults)
 25317 | Vaults:5 | Reached skill level 10 in Invocations
 25397 | Vaults:5 | Got a silver rune of Zot
 25432 | Vaults:5 | Reached skill level 10 in Fighting
 25453 | Vaults:5 | Noticed a golden dragon
 25568 | Vaults:5 | Killed a golden dragon
 25669 | Vaults:5 | Found Anwiag's General Store.
 25845 | Vaults:5 | Bought an uncursed ring of protection from fire for 525 gold pieces
 25850 | Vaults:5 | Learned a level 4 spell: Passage of Golubria
 26060 | Vaults:5 | Reached XP level 24. HP: 104/155 MP: 35/35
 26133 | Vaults:5 | Reached skill level 1 in Translocations
 26177 | Vaults:5 | Got a warped scale mail
 26193 | Vaults:5 | Identified the +0 scale mail of Virtue {-Tele +Fly Dex+4 SInv} (You found it on level 5 of the Vaults)
 26299 | Vaults:5 | Noticed a golden dragon
 26459 | Vaults:4 | 4thArraOfDagon: cant afford for rn++
 26722 | D:14     | You fall through a shaft!
 26791 | D:15     | Found a staircase to the Depths.
 26819 | Depths:1 | Entered Level 1 of the Depths
 26819 | Depths:1 | Noticed 4thArraOfDagon's ghost (adept TrAK)
 26837 | Depths:1 | Killed 4thArraOfDagon's ghost
 26840 | Depths:1 | Found a gateway to Hell.
 26906 | Depths:1 | Found a shattered altar of Ashenzari.
 26959 | Depths:2 | Reached skill level 10 in Spellcasting
 27154 | Depths:2 | Reached skill level 5 in Translocations
 27184 | Depths:2 | Found a flickering gateway to a bazaar.
 27193 | Bazaar   | Entered a bazaar
 27198 | Bazaar   | Found Gygat's Book Shop.
 27216 | Bazaar   | Found Ziemno's Gadget Shop.
 27238 | Bazaar   | amazing
 27298 | Depths:2 | Found a magical portal.
 27303 | WizLab   | Entered The Chambers of the Cloud Mage
 27644 | WizLab   | Identified the Volume of Weightlessness (You found it in a wizard's laboratory)
 27660 | WizLab   | Learned a level 8 spell: Controlled Blink
 27675 | WizLab   | Identified the Grimoire of Flight (You found it in a wizard's laboratory)
 27675 | WizLab   | nado
 27675 | WizLab   | where
 28138 | Depths:3 | Reached XP level 25. HP: 98/161 MP: 38/38
 28147 | Depths:3 | Found a one-way gate to the infinite horrors of the Abyss.
 28351 | Depths:3 | Found a one-way gate leading to the halls of Pandemonium.
 28673 | Depths:4 | Found a gateway to a ziggurat.
 28929 | Depths:4 | Noticed a juggernaut
 28983 | Depths:4 | Noticed Mennas
 29006 | Depths:4 | Killed Mennas
 29088 | Depths:4 | Reached skill level 10 in Translocations
 29303 | Depths:4 | Killed a juggernaut
 29517 | Depths:5 | Entered Level 5 of the Depths
 29617 | Depths:5 | Reached XP level 26. HP: 158/167 MP: 40/40
 29764 | Depths:5 | magipi: vamp qb seems pretty pointless
 29780 | Depths:5 | 4thArraOfDagon: yea
 29801 | Depths:5 | Noticed a juggernaut
 29828 | Depths:5 | Killed a juggernaut
 29862 | Depths:5 | Found a gate to the Realm of Zot.
 30131 | Depths:3 | 4thArraOfDagon: where now
 30131 | Depths:3 | 4thArraOfDagon: i can afford only for one piece of resistance of each
 30171 | Depths:4 | 4thArraOfDagon: have to go
 30172 | Zig:1    | Entered Level 1 of a ziggurat
 30197 | Zig:2    | Entered Level 2 of a ziggurat
 30223 | Zig:3    | Entered Level 3 of a ziggurat
 30237 | Zig:4    | Entered Level 4 of a ziggurat
 30262 | Zig:5    | Entered Level 5 of a ziggurat
 30269 | Zig:5    | Noticed an ancient lich
 30292 | Zig:5    | Killed an ancient lich
 30317 | Zig:6    | Entered Level 6 of a ziggurat
 30341 | Zig:6    | Paralysed by accursed screaming for 1 turns
 30378 | Zig:7    | Entered Level 7 of a ziggurat
 30459 | Zig:7    | Reached skill level 15 in Translocations
 30497 | Zig:8    | Entered Level 8 of a ziggurat
 30512 | Zig:8    | Noticed a greater mummy
 30512 | Zig:8    | Noticed a greater mummy
 30512 | Zig:8    | Noticed a greater mummy
 30532 | Zig:9    | Entered Level 9 of a ziggurat
 30546 | Zig:9    | Noticed a juggernaut
 30578 | Zig:10   | Entered Level 10 of a ziggurat
 30637 | Zig:11   | Entered Level 11 of a ziggurat
 30754 | Zig:11   | magipi: what are we looking for exactly?
 30767 | Zig:11   | 4thArraOfDagon: armor
 30767 | Zig:11   | 4thArraOfDagon: and resistances...
 30767 | Zig:11   | 4thArraOfDagon: i have nothing
 30810 | Zig:11   | Paralysed by a giant eyeball for 3 turns
 30902 | Zig:11   | 4thArraOfDagon: idk
 30907 | Zig:12   | Entered Level 12 of a ziggurat
 31150 | Zig:12   | Identified the +6 plate armour of the Orcish Mines {Int+3} (You found it on level 12 of a ziggurat)
 31160 | Zig:12   | 4thArraOfDagon: last floor
 31160 | Zig:12   | 4thArraOfDagon: and im going to umm
 31160 | Zig:12   | 4thArraOfDagon: pan
 31161 | Zig:13   | Entered Level 13 of a ziggurat
 31201 | Zig:13   | Reached XP level 27. HP: 168/172 MP: 36/41
 31286 | Zig:14   | Entered Level 14 of a ziggurat
 31376 | Zig:14   | Killed an ancient lich
 31452 | Zig:14   | Identified the +10 plate armour "Lapn" {rElec rPois rC+ Int+2} (You found it on level 14 of a ziggurat)
 31459 | Zig:14   | Got a warped plate armour
 31510 | Zig:15   | Entered Level 15 of a ziggurat
 31521 | Zig:15   | Noticed an orb of fire
 31521 | Zig:15   | Noticed an orb of fire
 31525 | Zig:15   | 4thArraOfDagon: this will be brutal
 31535 | Zig:15   | Noticed an orb of fire
 31535 | Zig:15   | Noticed an orb of fire
 31537 | Zig:15   | Noticed an orb of fire
 31576 | Depths:4 | magipi: no rC?
 31576 | Depths:4 | 4thArraOfDagon: i can afford
 31576 | Depths:4 | 4thArraOfDagon: for ice
 31576 | Depths:4 | 4thArraOfDagon: ring
 31576 | Depths:4 | 4thArraOfDagon: maybe try abyss?
 31576 | Depths:4 | magipi: that sucks
 31576 | Depths:4 | 4thArraOfDagon: or zot??
 31576 | Depths:4 | 4thArraOfDagon: tomb could be doable with that ring mail
 31576 | Depths:4 | 4thArraOfDagon: and shield
 31576 | Depths:4 | 4thArraOfDagon: i should be fine somwhere g dammit
 31576 | Depths:4 | 4thArraOfDagon: ill try crypt
 31926 | Vaults:2 | Found a staircase to the Crypt.
 31926 | Vaults:2 | Found an ancient bone altar of Kikubaaqudgha.
 31927 | Vaults:2 | Found a basalt altar of Yredelemnul.
 31935 | Crypt:1  | Entered Level 1 of the Crypt
 32177 | Crypt:3  | Entered Level 3 of the Crypt
 32204 | Crypt:2  | Reached skill level 15 in Spellcasting
 32596 | Crypt:3  | Found a basalt altar of Yredelemnul.
 32734 | Crypt:3  | magipi: no demon blade anywhere?
 32738 | Crypt:3  | 4thArraOfDagon: this rapier so good idk
 32779 | Crypt:3  | magipi: good for stabbing, yes
 32855 | Crypt:3  | Got a pitted bronze amulet
 32857 | Crypt:3  | Identified the amulet "Danuta" {Regen+ Str+3} (You found it on level 3 of the Crypt)
 32860 | Crypt:3  | Got a brightly glowing turquoise ring
 32863 | Crypt:3  | Identified the ring "Ubyicapiadgh" {rC- rN+ Str+4 Dex+8} (You found it on level 3 of the Crypt)
 32865 | Crypt:3  | Got a fine tin ring
 32867 | Crypt:3  | Identified the ring "Exojoaf" {+Inv rPois rN+ Dex-3 Slay+2} (You found it on level 3 of the Crypt)
 32905 | Crypt:3  | Identified the +8 plate armour "Titrit" {rN+ Dex+9} (You found it on level 14 of a ziggurat)
 33115 | Crypt:3  | 4thArraOfDagon: i have eudemon even
 33115 | Crypt:3  | 4thArraOfDagon: but
 33115 | Crypt:3  | 4thArraOfDagon: my friend confuses alot
 33124 | Crypt:3  | Found a staircase to the Tomb.
 33174 | Tomb:1   | Entered Level 1 of the Tomb of the Ancients
 33174 | Tomb:1   | Noticed Sojobo
 33176 | Tomb:1   | Killed Sojobo
 33339 | Tomb:1   | Noticed a greater mummy
 33390 | Tomb:1   | Reached skill level 1 in Hexes
 33408 | Tomb:1   | Killed a greater mummy
 33413 | Tomb:1   | HP: 8/172 [revenant (22)]
 33550 | Tomb:1   | Noticed a greater mummy
 33577 | Tomb:1   | Reached skill level 5 in Hexes
 33699 | Tomb:1   | Killed a greater mummy
 33704 | Tomb:1   | ReniFell: can u dump pls
 33868 | Tomb:1   | Noticed a greater mummy
 33886 | Tomb:1   | Killed a greater mummy
 33928 | Tomb:1   | ReniFell: thx
 33929 | Tomb:1   | 4thArraOfDagon: here ya go
 34016 | Tomb:1   | Noticed an ancient lich
 34050 | Tomb:1   | Killed an ancient lich
 34050 | Tomb:1   | Reached skill level 10 in Hexes
 34096 | Tomb:2   | Noticed a greater mummy
 34096 | Tomb:2   | Killed a greater mummy
 34111 | Tomb:2   | Noticed a greater mummy
 34214 | Tomb:3   | Entered Level 3 of the Tomb of the Ancients
 34469 | Tomb:3   | Noticed a greater mummy
 34472 | Tomb:3   | Noticed a greater mummy
 34622 | Tomb:2   | Killed a greater mummy
 34692 | Tomb:3   | Noticed a greater mummy
 34715 | Tomb:2   | Killed a greater mummy
 34759 | Tomb:3   | Noticed a greater mummy
 34840 | Tomb:3   | Noticed a greater mummy
 34870 | Tomb:2   | Killed a greater mummy
 34951 | Tomb:2   | Killed a greater mummy
 34999 | Tomb:3   | Noticed a greater mummy
 35021 | Tomb:2   | Killed a greater mummy
 35077 | Tomb:2   | Killed a greater mummy
 35098 | Tomb:3   | Noticed a greater mummy
 35099 | Tomb:3   | Noticed a greater mummy
 35133 | Tomb:2   | Killed a greater mummy
 35169 | Tomb:3   | Killed a greater mummy
 35179 | Tomb:3   | Noticed a greater mummy
 35209 | Tomb:3   | Killed a greater mummy
 35279 | Tomb:3   | Identified the ring of No Interval {+Inv rN+} (You found it on level 3 of the Tomb of the Ancients)
 35306 | Tomb:3   | Got a golden rune of Zot
 35403 | Tomb:3   | wut
 35419 | Tomb:3   | Identified the +4 chain mail of the First Snow {rF++ Str+3 Slay-4} (You found it on level 3 of the Tomb of the Ancients)
 35420 | Tomb:3   | meh
 36110 | Depths:4 | Got a steaming large shield
 36156 | Pan      | Entered Pandemonium
 36270 | Pan      | Found an exit through the horrors of the Abyss.
 36299 | Pan      | Took an exit into the Abyss.
 36299 | Abyss:1  | Escaped into the Abyss
 36308 | Depths:3 | Escaped the Abyss
 36310 | Pan      | Entered Pandemonium
 36437 | Pan      | Reached skill level 15 in Armour
 36482 | Pan      | Noticed Wanacuki the pandemonium lord
 36484 | Pan      | Paralysed by Wanacuki for 4 turns
 36488 | Pan      | wut
 36785 | Pan      | Got a pair of ichor-stained gloves
 36796 | Pan      | Identified the +2 pair of gloves "Teixoig" {rPois rF+ Stlth+} (You found it in Pandemonium)
 36796 | Pan      | :)(
 36796 | Pan      | 4thArraOfDagon: rf+
 36796 | Pan      | 4thArraOfDagon: !!!
 36931 | Pan      | Found an exit through the horrors of the Abyss.
 37245 | Pan      | Noticed Ratselui the pandemonium lord
 37250 | Pan      | Got a demonic rune of Zot
 37600 | Pan      | Noticed Ynummaor the pandemonium lord
 37602 | Pan      | Killed Ynummaor the pandemonium lord
 37675 | Pan      | Found an exit through the horrors of the Abyss.
 37681 | Pan      | Noticed Holimu Vuem the pandemonium lord
 37690 | Pan      | Took an exit into the Abyss.
 37690 | Abyss:1  | Escaped into the Abyss
 37834 | Abyss:4  | Found a corrupted altar of Lugonu.
 37834 | Abyss:4  | Found a corrupted altar of Lugonu.
 37923 | Abyss:4  | Found a corrupted altar of Lugonu.
 38054 | Abyss:4  | Got an abyssal rune of Zot
 38070 | Depths:3 | Escaped the Abyss
 38080 | Pan      | Entered Pandemonium
 38231 | Pan      | Noticed Zestross the pandemonium lord
 38258 | Pan      | Found an exit through the horrors of the Abyss.
 38268 | Pan      | Took an exit into the Abyss.
 38268 | Abyss:1  | Escaped into the Abyss
 38280 | Depths:3 | Escaped the Abyss
 38282 | Pan      | Entered Pandemonium
 38425 | Depths:3 | Escaped Pandemonium
 38427 | Pan      | Entered Pandemonium
 38433 | Depths:3 | Escaped Pandemonium
 38435 | Pan      | Entered Pandemonium
 38519 | Depths:3 | Escaped Pandemonium
 38521 | Pan      | Entered the realm of Mnoleg.
 38521 | Pan      | Entered Pandemonium
 38813 | Pan      | Gained mutation: You are frail. (-10% HP) [a cacodemon]
 38876 | Pan      | Reached skill level 11 in Invocations
 38952 | Pan      | Noticed Mnoleg
 38961 | Pan      | Got a glowing rune of Zot
 38981 | Pan      | Found an exit through the horrors of the Abyss.
 39237 | Pan      | Entered the realm of Cerebov.
 39391 | Pan      | Noticed Cerebov
 39407 | Pan      | Got a fiery rune of Zot
 39509 | Pan      | Reached skill level 12 in Invocations
 39710 | Pan      | Noticed Cerebov
 39794 | Pan      | Found an exit through the horrors of the Abyss.
 39803 | Pan      | Took an exit into the Abyss.
 39803 | Abyss:1  | Escaped into the Abyss
 39804 | Abyss:1  | Found a corrupted altar of Lugonu.
 39836 | Depths:3 | Escaped the Abyss
 39838 | Pan      | Entered the realm of Gloorx Vloq.
 39838 | Pan      | Entered Pandemonium
 39838 | Pan      | Noticed Gloorx Vloq
 39847 | Pan      | Got a dark rune of Zot
 39857 | Pan      | Found an exit through the horrors of the Abyss.
 39874 | Pan      | Noticed Huamufio the pandemonium lord
 39887 | Pan      | Reached skill level 13 in Invocations
 40061 | Pan      | Found an exit through the horrors of the Abyss.
 40070 | Pan      | Took an exit into the Abyss.
 40070 | Abyss:1  | Escaped into the Abyss
 40070 | Abyss:1  | Found a corrupted altar of Lugonu.
 40081 | Depths:3 | Escaped the Abyss
 40083 | Pan      | Entered Pandemonium
 40121 | Pan      | Reached skill level 14 in Invocations
 40124 | Pan      | Noticed Imoud the pandemonium lord
 40323 | Pan      | Entered the realm of Lom Lobon.
 40353 | Pan      | Reached skill level 15 in Fighting
 40421 | Pan      | Noticed Lom Lobon
 40425 | Pan      | Got a magical rune of Zot
 40432 | Pan      | Found an exit through the horrors of the Abyss.
 40443 | Pan      | Took an exit into the Abyss.
 40443 | Abyss:1  | Escaped into the Abyss
 40525 | Depths:3 | Escaped the Abyss
 40563 | Hell     | Entered the Vestibule of Hell
 40563 | Hell     | Noticed Geryon
 40568 | Hell     | Killed Geryon
 40594 | Hell     | Found a gateway to the ashen valley of Gehenna.
 40620 | Hell     | Reached skill level 15 in Invocations
 40623 | Geh:1    | Entered Level 1 of Gehenna
 40890 | Geh:7    | Entered Level 7 of Gehenna
 41123 | Geh:7    | hhh
 41164 | Geh:7    | Reached skill level 16 in Invocations
 41512 | Geh:7    | Reached skill level 17 in Invocations
 41611 | Geh:7    | Identified the +1 shield "Kubizahe" {rElec rCorr Str+5 Stlth+} (You took it off a red devil on level 7 of Gehenna)
 41652 | Geh:7    | Noticed Asmodeus
 41664 | Geh:7    | Got an obsidian rune of Zot
 41771 | Hell     | Found a gateway to the decaying netherworld of Tartarus.
 41830 | Tar:1    | Entered Level 1 of Tartarus
 42000 | Tar:2    | aha
 42196 | Tar:4    | Reached skill level 18 in Invocations
 42278 | Tar:2    | HP: 5/165 [reaper/scythe of protection (41)]
 42421 | Tar:2    | WTF
 42575 | Tar:3    | Reached skill level 19 in Invocations
 42817 | Tar:7    | Entered Level 7 of Tartarus
 42954 | Tar:7    | Reached skill level 20 in Invocations
 43458 | Tar:7    | Noticed Ereshkigal
 43466 | Tar:7    | Got a bone rune of Zot
 43472 | Tar:7    | Reached skill level 21 in Invocations
 43513 | Hell     | Found a gateway to the freezing wastes of Cocytus.
 43614 | Coc:1    | Entered Level 1 of Cocytus
 43791 | Coc:4    | Noticed a shard shrike
 43809 | Coc:4    | Killed a shard shrike
 43940 | Coc:6    | Noticed a shard shrike
 43940 | Coc:6    | Noticed a shard shrike
 43940 | Coc:6    | Noticed a shard shrike
 43940 | Coc:6    | Noticed a shard shrike
 44072 | Coc:4    | You fall through a shaft!
 44123 | Coc:6    | Killed a shard shrike
 44124 | Coc:6    | Killed a shard shrike
 44131 | Coc:6    | Killed a shard shrike
 44142 | Coc:6    | Killed a shard shrike
 44156 | Coc:6    | Reached skill level 22 in Invocations
 44269 | Coc:7    | Entered Level 7 of Cocytus
 44733 | Coc:7    | Reached skill level 23 in Invocations
 44743 | Coc:7    | Noticed Antaeus
 44779 | Coc:7    | Got an icy rune of Zot
 44975 | Depths:3 | Leszczynek: is there no point in leveling up str for higher melee damage?
 45041 | Depths:3 | 4thArraOfDagon: nope
 45065 | Depths:3 | 4thArraOfDagon: because it scales lineary
 45065 | Depths:3 | 4thArraOfDagon: linearly
 45128 | Hell     | Found a gateway to the Iron City of Dis.
 45137 | Hell     | 4thArraOfDagon: srt is only good for heavy armors :(
 45141 | Dis:1    | Entered Level 1 of the Iron City of Dis
 45158 | Dis:2    | You fall through a shaft for 2 floors!
 45159 | Dis:4    | 4thArraOfDagon: hey, look at title ^_^
 45524 | Dis:7    | Entered Level 7 of the Iron City of Dis
 45536 | Dis:7    | Reached skill level 24 in Invocations
 45945 | Dis:7    | Got an iron rune of Zot
 46089 | Zot:1    | Entered Level 1 of the Realm of Zot
 46266 | Zot:4    | Reached skill level 25 in Invocations
 46369 | Zot:5    | Entered Level 5 of the Realm of Zot
 46776 | Zot:5    | Noticed an ancient lich
 46836 | Zot:5    | Killed an ancient lich
 46836 | Zot:5    | Reached skill level 26 in Invocations
 47020 | Zot:5    | Noticed an orb of fire
 47040 | Zot:5    | Killed an orb of fire
 47094 | Zot:5    | Noticed an ancient lich
 47141 | Zot:5    | Killed an ancient lich
 47231 | Zot:5    | Reached skill level 27 in Invocations
 47256 | Zot:5    | Reached skill level 10 in Evocations
 47280 | Zot:5    | Got the Orb of Zot
 47445 | Depths:3 | magipi: intersting that the portal works with the orb
 47447 | Depths:2 | magipi: don't tell it to the devs
 47447 | Depths:3 | 4thArraOfDagon: yea thats stupid
 47595 | D:8      | Noticed Vudunweff the pandemonium lord
 47658 | D:3      | Gained mutation: You are weak. (Str -2) [mutagenic glow]
 47712 | D:1      | 4thArraOfDagon: tjere
 47712 | D:1      | Liquid: gg
 47712 | D:1      | magipi: nice work
 47712 | D:1      | Leszczynek: gj
 47712 | D:1      | 4thArraOfDagon: pulled out!
 47712 | D:1      | 4thArraOfDagon: with crappy res
 47713 | D:$      | Escaped with the Orb!

Vault maps used:
D:1:      mrwooster_arrival_statue
D:2:      marbit_many_paths, grunt_pakellas_basics, uniq_terence, uniq_jessica,
          uniq_robin, uniq_sigmund
D:3:      grunt_gozag_breadcrumbs
D:4:      overflow_temple_1_default, lemuel_round_altar, first_bread,
          goddamned_bats
D:5:      kennysheep_nondescript, minmay_lizard_king, uniq_prince_ribbit1
D:6:      lemuel_ice_spiral_2, kennysheep_pointless_box
D:7:      nicolae_overflow_crystal_walls, serial_shops, shop, shop_statue, shop,
          grunt_ogre_cave, uniq_menkaure, uniq_crazy_yiuf_cottage
D:8:      nicolae_qazlal_style_of_elements, kennysheep_little_box, minitemple,
          minmay_lair_entry_grove
D:9:      serial_shops, nicolae_shop_statue_plus
D:11:     eino_house_with_fridge
D:12:     david_orc_5, serial_ice, serial_ice_f, serial_ice_h, serial_ice_i,
          serial_ice_n, serial_ice_o, serial_ice_e, minivault_16,
          nicolae_lava_and_water, nrook_guardian_serpent_ordinary
D:13:     uniq_rupert, uniq_azrael
D:14:     grunt_vaults_entry_fortified, hangedman_decor_diamond_cutter,
          kennysheep_small_spiral, uniq_nessos
D:15:     grunt_enter_depths_hoard
Lair:3:   minmay_snake_entry_six_corridors, minmay_guarded_unrand_chilly_death,
          uniq_gastronok
Lair:4:   nicolae_swamp_entry_splash_gauntlet, lab_entry_generic,
          grunt_forest_small_clearing_treed, uniq_urug, uniq_josephine
Lair:5:   slime_dummy, bobbens_dragon_lair_wall, grunt_megastairs_3,
          lemuel_fruit_fields, serial_bayou_shore_b
Lair:6:   due_jungle_book, hangedman_lair_unloving_vines,
          minmay_stone_trees_medium
Swamp:1:  hangedman_swamp_diagram
Swamp:2:  evilmike_swamp_ruin_rubble_2, swamp_pool2, uniq_roxanne, uniq_nikola
Swamp:3:  hangedman_swamp_ruin_hall
Swamp:4:  swamp_basic_johnstein
Snake:1:  serial_bayou_crossing, uniq_aizul
Snake:2:  serial_shops, shop, grunt_ministairs_4, minmay_shop_star,
          grunt_megastairs_2
Snake:3:  nicolae_cobra_stairs
Snake:4:  grunt_snake_rune_serpentine_throne, grunt_ministairs_9, uniq_asterion
Slime:2:  uniq_dissolution
Orc:1:    serial_shops, uniq_snorg
Orc:2:    st_orc_congregation, serial_shops, nicolae_shop_stone
Elf:1:    minmay_elf_arrival_circle, evilmike_minifort, lemuel_flamethrower_2,
          minmay_shop_grove
Elf:2:    basic_altar, serial_shops, bzr_entry_islet, nicolae_shop_behind_doors,
          shop
Elf:3:    minmay_elf_hall_statues, basic_altar
Vaults:1: nicolae_vaults_network_star, nicolae_vaults_network_periphery,
          vaults_standard_mumra_lines, hangedman_vaults_capsules,
          nicolae_vaults_network_quinsquares, ontoclasm_vaults_claustrophobia,
          ontoclasm_vaults_hangar, v_misc_26, nicolae_vaults_big_angled_halls,
          grunt_vaults_diagonal, nicolae_vaults_holding_cells, vaults_dpeg_ring,
          serial_shops, nicolae_shop_stone
Vaults:2: v_misc_13, v_rooms_2, nicolae_vaults_an_arrangement,
          hangedman_vaults_snaps, nicolae_vaults_shelves_hall, v_misc_14,
          grunt_vaults_swirl, v_misc_27, hangedman_vaults_stagger,
          vaults_dpeg_hooks, minmay_crypt_entry_necro_gods,
          hangedman_vaults_slice, ontoclasm_vaults_pinch,
          ontoclasm_vaults_twist, serial_shops, nicolae_shop_overgrown_old_shop,
          uniq_margery
Vaults:3: grunt_vaults_bifocal, nicolae_vaults_ring_of_whatevers,
          nicolae_vaults_little_squares_3, v_misc_27,
          nicolae_vaults_mini_display_case, nicolae_vaults_little_squares_2,
          hangedman_vaults_restitches, vaults_room_grid, vaults_mumra_lcd,
          grunt_vaults_focal, serial_shops, shop
Vaults:4: v_misc_11, vaults_room_stairs_pillars, vaults_room_fours,
          hangedman_vaults_variations, vaults_mumra_chevron_long,
          hangedman_vaults_slither, hangedman_vaults_stream, v_misc_28,
          v_misc_13, nicolae_vaults_shelves_hall, serial_shops, shop
Vaults:5: serial_shops
Crypt:1:  glass_columns_a, tombwall_bobbens
Crypt:2:  hangedman_staggered_hall, special_room, basic_stair_grate_trap
Crypt:3:  evilmike_haunted_forest
Tomb:1:   uniq_sojobo
Depths:1: hell_entry, serial_sigils_hangedman_leer, nrook_loot_triangle,
          nicolae_ashenzari_panopticon
Depths:2: onia_ninara_swampy_vault, mu_enter_wizlab_2, pf_hell_entry_tar_river,
          roderic_greek_sauvastika, serial_shops, bzr_entry_lakeside,
          grunt_megastairs_1, infiniplex_staircase_pool_2
Depths:3: grunt_twist_and_shout, abyss_entry, hell_entry,
          rand_demon_pan_entry_5, infiniplex_staircase_spiral
Depths:4: grunt_deathspiral_small, enter_ziggurat_a, hell_entry, abyss_entry,
          minmay_misc_feat_pillars, uniq_mennas
Depths:5: grunt_zot_entry_bicorn, rand_demon_pan_entry_1, grunt_metal_band,
          grunt_decor_mini_mirrors, serial_bayou_shore_a
Dis:4:    evilmike_ambush
Dis:5:    lemuel_elevator
Dis:7:    iron_city_of_dis
Geh:7:    geh_mu
Coc:7:    coc_grunt
Tar:2:    nicolae_tar_cuneiform_bird
Tar:7:    tar_mu
Zot:2:    zot_minivault_4
Abyss:1:  evilmike_abyss_exit_7
Abyss:3:  hangedman_glass_garden, due_evilmike_abyss_rune_seething_liches,
          guppyfry_abyss_exit_imp_island
Abyss:4:  nicolae_abyss_rune_left_handed
Pan:      evilmike_mini_pan_rooms, nicolae_pan_door_chamber,
          pan_blood_fountain_small, rand_demon_6, evilmike_mini_pan_pillars_b,
          lemuel_hellion_island, regret_index_pan_draining_boxed, rand_demon_4,
          grunt_pan_frozen_over, rand_demon_4, rand_demon_3, pan_blood_fountain,
          pan_blood_fountain_small, pan_surprise, evilmike_mini_pan_3x3,
          grunt_pan_zigzag, evilmike_holy_pan, rand_demon_3,
          nicolae_pan_sigil_nadil, nicolae_pan_glass_arcs, mnoleg_st,
          pan_blood_fountain_small, reaverb_pan_figure_eight,
          nicolae_pan_lom_lobonic_4, evilmike_mini_pan_3x3,
          nicolae_pan_sick_transit, grunt_pan_zigzag, pan_blood_fountain,
          nicolae_pan_sigil_itan, evilmike_mini_pan_T, nicolae_pan_sigil_itan,
          cerebov, evilmike_mini_pan_corridor, special_room,
          evilmike_mini_pan_doors, uniq_cerebov, nicolae_pan_lom_lobonic_1,
          gloorx_vloq_st, uniq_mnoleg, evilmike_mini_pan_T,
          pan_blood_fountain_small, nicolae_pan_sick_transit,
          reaverb_pan_chaos_star, grunt_pan_zigzag, uniq_mnoleg,
          pan_blood_fountain_small, nicolae_pan_double_arrow,
          pan_blood_fountain, rand_demon_3, pan_blood_fountain,
          nicolae_pan_lom_lobonic_2, lom_lobon_grunt
Zig:6:    ziggurat_pillar_centre_c
Zig:7:    ziggurat_pillar_centre_oklobs
Zig:11:   ziggurat_loot_1
Zig:12:   ziggurat_pillar_centre_dead_trees
Lab:      nicolae_lab_do_over
Bazaar:   bazaar_jpeg_ninerooms_5, bazaar_jpeg_cross
WizLab:   wizlab_cloud

Skill      XL: |  1  2  3  4  5  6  7  8  9 10 11 12 13 14 15 16 17 18 19 20 21 22 23 24 25 26 27 |
---------------+----------------------------------------------------------------------------------+-----
Spellcasting   | 2 3 4 5 6 7 8 11 13 14 16 | 16.1
Necromancy     | 4 |  4.5
Long Blades    | 1 2 3 4 6 7 8 9 |  9.4
Charms         | 2 3 6 7 9 10 11 12 | 12.0
Armour         | 1 2 4 5 6 7 8 9 10 12 13 18 | 18.0
Fighting       | 1 3 4 5 6 7 8 9 10 15 | 15.0
Dodging        | 3 4 5 6 7 8 9 10 11 12 | 12.2
Invocations    | 1 4 5 6 7 8 9 10 27 | 27.0
Short Blades   | 4 7 10 11 12 14 15 18 19 22 23 | 23.2
Stealth        | 4 6 7 8 9 14 17 19 | 19.0
Air Magic      | 3 |  3.5
Shields        | 7 11 13 15 | 15.1
Evocations     | 7 9 10 | 10.6
Translocations | 7 12 16 19 | 19.9
Hexes          | 12 | 12.0

Action                   |  1- 3 |  4- 6 |  7- 9 | 10-12 | 13-15 | 16-18 | 19-21 | 22-24 | 25-27 || total
-------------------------+-------+-------+-------+-------+-------+-------+-------+-------+-------++-------
Melee: Short sword       |    30 |    56 |       |       |       |       |       |       |       ||    86
       Falchion          |       |   105 |   129 |       |       |       |       |       |       ||   234
       Long sword        |       |       |   147 |   272 |       |       |       |       |       ||   419
       Rapier            |       |       |       |   194 |   942 |   558 |  1030 |  1301 |  4442 ||  8467
       Headbutt          |       |       |       |       |   195 |   446 |   237 |   340 |  1775 ||  2993
       Dagger            |       |       |       |       |       |    36 |       |       |    66 ||   102
       Quick blade       |       |       |       |       |       |   942 |    70 |       |       ||  1012
       Eudemon blade     |       |       |       |       |       |       |       |       |  1694 ||  1694
Throw: Throwing net      |       |       |       |     2 |     1 |     2 |       |       |     2 ||     7
 Cast: Pain              |    24 |       |     1 |       |       |       |       |       |       ||    25
       Regeneration      |     1 |     4 |    22 |    45 |    60 |    73 |    42 |    41 |   268 ||   556
       Vampiric Draining |       |       |    17 |    42 |    14 |    53 |    13 |     3 |     6 ||   148
       Animate Skeleton  |       |       |       |     5 |    12 |    10 |     1 |     1 |    14 ||    43
       Animate Dead      |       |       |       |     1 |     3 |     1 |     1 |       |       ||     6
       Deflect Missiles  |       |       |       |       |       |       |     3 |       |    16 ||    19
       Haste             |       |       |       |       |       |       |     3 |     1 |    29 ||    33
       Apportation       |       |       |       |       |       |       |     2 |     9 |    56 ||    67
       Passage of Golubr |       |       |       |       |       |       |       |     1 |   116 ||   117
       Controlled Blink  |       |       |       |       |       |       |       |       |    43 ||    43
       Blink             |       |       |       |       |       |       |       |       |     3 ||     3
       Silence           |       |       |       |       |       |       |       |       |    19 ||    19
Invok: Recall Ancestor   |     1 |     2 |     1 |     4 |     8 |     9 |     5 |     6 |    52 ||    88
       Ancestor Identity |       |     1 |       |       |       |       |       |       |       ||     1
       Ancestor Life: He |       |       |     1 |       |       |       |       |       |       ||     1
       Idealise          |       |       |       |       |       |     2 |     1 |     3 |    33 ||    39
 Abil: Evoke Flight      |       |       |       |       |       |     1 |     1 |       |       ||     2
Evoke: Wand              |       |     4 |     8 |    19 |     5 |     4 |     3 |     1 |    47 ||    91
       Sack of spiders   |       |       |       |       |       |       |     2 |       |     1 ||     3
       Phantom mirror    |       |       |       |       |       |       |     2 |       |       ||     2
       Lamp of fire      |       |       |       |       |       |       |     1 |     1 |     1 ||     3
       Box of beasts     |       |       |       |       |       |       |     1 |     1 |       ||     2
  Use: Potion            |     2 |     1 |     1 |       |     3 |    10 |     5 |     1 |    38 ||    61
       Scroll            |     4 |       |     9 |     2 |    16 |    13 |    18 |    16 |    46 ||   124
 Stab: Distracted        |       |     1 |     3 |    10 |    19 |    27 |    15 |    20 |   126 ||   221
       Sleeping          |       |       |     5 |     2 |    29 |    26 |    54 |    45 |   192 ||   353
       Confused          |       |       |     1 |    13 |    14 |    15 |    54 |   108 |   433 ||   638
       Paralysed         |       |       |       |     4 |    11 |    26 |    16 |    38 |   210 ||   305
       Invisible         |       |       |       |       |     4 |       |       |       |       ||     4
       Held in net/web   |       |       |       |       |       |     2 |       |       |     1 ||     3
  Eat: Chunk             |       |     6 |    10 |    32 |    18 |     6 |     8 |     5 |     7 ||    92
       Beef jerky        |       |     1 |     5 |     1 |       |     2 |     1 |     2 |     3 ||    15
       Fruit             |       |       |     4 |     6 |       |     2 |     3 |     7 |    14 ||    36
       Pizza             |       |       |       |     2 |     1 |       |     2 |     2 |     5 ||    12
       Bread ration      |       |       |       |       |     2 |     4 |     3 |       |    21 ||    30
       Royal jelly       |       |       |       |       |       |       |     1 |       |       ||     1
       Meat ration       |       |       |       |       |       |       |       |       |     1 ||     1
Armor: Robe              |     7 |    15 |    19 |       |       |       |       |       |       ||    41
       Skin              |       |    14 |       |       |       |       |       |       |       ||    14
       Ring mail         |       |       |    18 |    56 |       |       |       |       |       ||    74
       Troll hide        |       |       |       |    26 |     3 |       |       |       |       ||    29
       Troll leather arm |       |       |       |       |    84 |   147 |    43 |    93 |   731 ||  1098
       Chain mail        |       |       |       |       |       |       |    28 |       |       ||    28
Dodge: Dodged            |    26 |   103 |   157 |   282 |   613 |   792 |   328 |   500 |  2976 ||  5777
       Deflected         |       |       |       |       |       |       |    23 |    25 |    73 ||   121
Block: Shield            |       |       |       |       |       |   383 |   187 |       |       ||   570
       Buckler           |       |       |       |       |       |       |   132 |   447 |  2552 ||  3131
       Reflection        |       |       |       |       |       |       |    11 |    45 |   119 ||   175
